 Dungeon Crawl Stone Soup version 0.31.0-32-g396128a36d (webtiles) character file.

Game seed: 3813879029195873195

2340 PaiMei the Merchant of Misery (level 9, -1/69 HPs)
             Began as a Demonspawn Necromancer on Mar 26, 2024.
             Was a Believer of Kikubaaqudgha.
             Killed from afar by an orc wizard (9 damage)
             ... with a magic dart
             ... on level 7 of the Dungeon.
             The game lasted 00:12:01 (8577 turns).

PaiMei the Merchant of Misery (DsNe)                Turns: 8577, Time: 00:12:02

Health: -1/69      AC:  7    Str:  8    XL:     9   Next: 19%
Magic:  5/17       EV: 18    Int: 20    God:    Kikubaaqudgha [**....]
Gold:   332        SH:  4    Dex: 14    Spells: 15/19 levels left

rFire   . . .        C - +3 trident
rCold   . . .        d - +0 buckler
rNeg    . . .        a - +0 robe
rPois   .            (helmet restricted)
rElec   .            (no cloak)
rCorr   .            k - +0 pair of gloves
SInv    .            u - +0 pair of boots
Will    .....        (no amulet)
Stlth   ++           (no ring)
HPRegen 0.31/turn    (no ring)
MPRegen 0.15/turn

%: no passive effects
@: agile
A: antennae 1, icy blue scales 2, powered by pain 2, spiny 2
a: Renounce Religion, Unearth Wretches


You were on level 7 of the Dungeon.
You worshipped Kikubaaqudgha.
Kikubaaqudgha was pleased with you.
You visited 2 branches of the dungeon, and saw 8 of its levels.
You also visited: Ossuary.

You collected 332 gold pieces.

Inventory:

Hand Weapons
 t - a +4 club
 C - a +3 trident (weapon)
Armour
 a - a +0 robe (worn)
 d - a +0 buckler (worn)
 k - a +0 pair of gloves (worn)
 u - a +0 pair of boots (worn)
 y - a +0 kite shield
Wands
 s - a wand of flame (19)
 w - a wand of polymorph (10)
Scrolls
 e - a scroll of amnesia {unknown}
 g - 7 scrolls of identify {unknown}
 i - 2 scrolls of blinking {unknown}
 j - 2 scrolls of revelation {unknown}
 n - 3 scrolls of poison {unknown}
 o - a scroll of fear {unknown}
 p - a scroll of butterflies {unknown}
 q - 3 scrolls of fog {unknown}
 r - a scroll of torment {unknown}
 v - a scroll of brand weapon {unknown}
 x - a scroll of noise {unknown}
 B - a scroll of immolation {unknown}
 D - 2 scrolls of teleportation {unknown}
Potions
 b - a potion of magic
 f - 5 potions of curing {unknown}
 h - 2 potions of enlightenment {unknown}
 l - 4 potions of mutation {unknown}
 m - a potion of brilliance {unknown}
 z - a potion of heal wounds {unknown}
 A - 2 potions of haste {unknown}
 E - a potion of resistance {unknown}
 F - 2 potions of might {unknown}


   Skills:
 + Level 5.9 Fighting
 + Level 5.9 Dodging
 - Level 2.0 Stealth
 + Level 5.9 Spellcasting
 + Level 8.1 Necromancy


You had 15 spell levels left.
You knew the following spells:

 Your Spells              Type           Power      Damage    Failure   Level
a - Necrotise             Necr           100%       1d9       1%          1
b - Vampiric Draining     Necr           38%        2d8       1%          3

Your spell library contained the following spells:

 Spells                   Type           Power      Damage    Failure   Level
 Fugue of the Fallen      Necr           38%        N/A       1%          3
 Kiss of Death            Conj/Necr      88%        2d12      3%          1
 Animate Dead             Necr           38%        N/A       6%          4
 Cigotuvi's Dreadful Rot  Necr/Alch/Air  32%        N/A       9%          2
 Sting                    Conj/Alch      20%        1d4       17%         1
 Curse of Agony           Necr           38%        N/A       17%         5
 Mercury Vapours          Alch/Air       10%        N/A       26%         2
 Hailstorm                Conj/Ice       5%         3d5       45%         3
 Summon Ice Beast         Ice/Summ       5%         N/A       45%         3
 Olgreb's Toxic Radiance  Alch           5%         N/A       86%         4
 Sculpt Simulacrum        Ice/Alch       2%         N/A       100%        6


Dungeon Overview and Level Annotations

Branches:
Dungeon (7/15)             Temple (1/1) D:4         Ossuary (visited)

Altars:
Ashenzari
Cheibriados
Dithmenos
Fedhas
Gozag
Hepliaklqana
Kikubaaqudgha
Makhleb
Nemelex Xobeh
Okawaru
Qazlal
Ru
Trog
Uskayaw
Vehumet
Wu Jian
Xom
Yredelemnul

Shops:
D:3 !   D:6 [*

Annotations:
D:4 Grinder


Innate Abilities, Weirdness & Mutations

You have a pair of small antennae on your head.
You are mostly covered in icy blue scales. (AC +3)
You sometimes gain power by taking damage.
You are mostly covered in sharp spines.


Message History

You puncture the orc!
You kill the orc!
Kikubaaqudgha accepts your kill. The yak gores you!
* * * LOW HITPOINT WARNING * * *
You closely miss the yak. The yak gores you.
* * * LOW HITPOINT WARNING * * *
Casting: Vampiric Draining (safe; 1% risk of failure)
Confirm with . or Enter, or press ? or * to list all spells.
Aiming: Vampiric Draining (safe; 1% risk of failure)
Press: ? - help, Shift-Dir - straight line, f - yak, p - yak
Aim: a yak You draw life force from the yak.
You feel life coursing into your body.
An orc wizard comes into view. It is wielding a +1 dagger of venom.
The yak is struck by your spines. The yak gores you!
* * * LOW HITPOINT WARNING * * *
You focus on the pain.
You feel agile all of a sudden.
Casting: Vampiric Draining (safe; 1% risk of failure)
Confirm with . or Enter, or press ? or * to list all spells.
Aiming: Vampiric Draining (safe; 1% risk of failure)
Press: ? - help, Shift-Dir - straight line, f/p - yak
Aim: a yak (moderately wounded)
You draw life force from the yak!
You feel life coursing into your body. The yak is struck by your spines.
The yak barely misses you.
A scorpion comes into view.
The yak attacks as it pursues you! The yak completely misses you.
The yak attacks as it pursues you! The yak gores you.
* * * LOW HITPOINT WARNING * * *
The scorpion is struck by your spines.
The scorpion stings you but does no damage.
The yak attacks as it pursues you! You block the yak's attack.
The scorpion closely misses you. The yak attacks as it pursues you!
The yak is struck by your spines. The yak closely misses you.
The scorpion attacks as it pursues you! The scorpion barely misses you.
The orc wizard casts a spell at you. The magic dart hits you!
You die...
Kikubaaqudgha rasps: "You have failed me!
Welcome... death!"

#.Y.#..# #...# .(#..$#.#
#...###### .#...#..#
#.).z{{..#
#...#†..#####...####z# ...
......†..)÷..........#....
.#.................Y......#
##...##...)..†[oY...#.....
#.## ####..#...s...#.#.##
#. ##..###.@##### . .# #
#..##.##...# #. #
#.##...##..# ##
#..##.#'...# ##..###....#
###....#..#.##
#...........#
#.........###.#
#.#####.......#


You could see 2 yaks, a scorpion, a wight and an orc wizard.

Vanquished Creatures
  2 water moccasins (D:7)
  A sky beast (D:7)
  2 black bears (D:7)
  2 ogres
  An elf zombie (Ossuary)
  Blork the orc (D:6)
  3 bullfrogs
  3 scorpions
  A gnoll sergeant (D:6)
  4 wights (D:6)
  A burial acolyte (Ossuary)
  A howler monkey (D:6)
  2 bombardier beetles (D:5)
  3 centaur zombies (Ossuary)
  A human zombie (Ossuary)
  A hound (D:5)
  A jelly (D:4)
  Ijyb (D:4)
  7 iguanas
  Natasha (D:3)
  2 orc wizards
  2 crocodile zombies (Ossuary)
  2 hound zombies (Ossuary)
  3 mummies (Ossuary)
  4 gnolls
  4 adders
  2 shadow imps
  2 white imps (D:7)
  3 adder zombies (Ossuary)
  3 ribbon worms
  10 orcs
  6 endoplasms
  A giant cockroach (D:1)
  3 gnoll zombies (Ossuary)
  2 goblins
  5 hobgoblins
  2 jackals (D:1)
  8 kobolds
  2 quokkas
  8 ball pythons
  2 ball python zombies (Ossuary)
  4 bats
  A frilled lizard (D:3)
  A jackal zombie (Ossuary)
  8 kobold zombies (Ossuary)
  2 orc zombies (Ossuary)
131 creatures vanquished.

Vanquished Creatures (collateral kills)
  A goblin (D:1)
1 creature vanquished.

Grand Total: 132 creatures vanquished

Notes
Turn   | Place    | Note
-------+----------+-------------------------------------------
     0 | D:1      | PaiMei the Demonspawn Necromancer began the quest for the
                  | Orb.
     0 | D:1      | Reached XP level 1. HP: 13/13 MP: 3/3
   248 | D:1      | Gained mutation: You are partially covered in icy blue
                  | scales. (AC +2) [demonic ancestry]
   248 | D:1      | Reached XP level 2. HP: 18/19 MP: 0/5
  1351 | D:3      | Gained mutation: You sometimes gain a little power by
                  | taking damage. [demonic ancestry]
  1351 | D:3      | Reached XP level 3. HP: 25/25 MP: 4/6
  1355 | D:3      | Learned a level 3 spell: Vampiric Draining
  1653 | D:3      | Found a faded altar of an unknown god.
  1807 | D:3      | Reached skill level 1 in Fighting
  2117 | D:3      | Found Wogoraet's Distillery.
  2544 | D:4      | Noticed Grinder
  2573 | D:4      | Noticed Ijyb
  2603 | D:4      | Noticed Natasha
  2611 | D:3      | Killed Natasha
  2612 | D:3      | Gained mutation: You are partially covered in sharp spines.
                  | [demonic ancestry]
  2612 | D:3      | Reached XP level 4. HP: 23/32 MP: 0/8
  2975 | D:3      | Reached skill level 5 in Necromancy
  3693 | D:4      | Gained mutation: You have a pair of small antennae on your
                  | head. [demonic ancestry]
  3693 | D:4      | Reached XP level 5. HP: 38/38 MP: 4/9
  4051 | D:4      | Found a sacrificial altar of Ru.
  4051 | D:4      | Found a blossoming altar of Fedhas.
  4093 | D:4      | Killed Ijyb
  4288 | D:4      | Found a staircase to the Ecumenical Temple.
  4294 | Temple   | Entered the Ecumenical Temple
  4331 | Temple   | Became a worshipper of Kikubaaqudgha
  4412 | D:4      | Paralysed by Grinder for 4 turns
  4434 | D:4      | Paralysed by Grinder for 5 turns
  4516 | D:5      | Entered Level 5 of the Dungeon
  4630 | D:5      | Noticed an ogre
  4636 | D:5      | Killed an ogre
  4637 | D:5      | Gained mutation: You are mostly covered in icy blue scales.
                  | (AC +3) [demonic ancestry]
  4637 | D:5      | Reached XP level 6. HP: 43/46 MP: 0/11
  5217 | D:5      | Reached skill level 6 in Necromancy
  5217 | D:5      | Reached XP level 7. HP: 51/52 MP: 6/12
  5623 | D:6      | Found Maal Reo's Armour Shoppe.
  6203 | D:6      | Found Wips's General Store.
  6572 | D:6      | Noticed Blork the orc
  6581 | D:6      | Killed Blork the orc
  7241 | D:6      | Gained mutation: You are mostly covered in sharp spines.
                  | [demonic ancestry]
  7241 | D:6      | Reached XP level 8. HP: 60/60 MP: 14/14
  7730 | D:7      | Found a sand-covered staircase.
  7735 | Ossuary  | Entered an ossuary
  7807 | Ossuary  | Reached skill level 7 in Necromancy
  7862 | Ossuary  | Reached skill level 5 in Spellcasting
  7917 | Ossuary  | Reached * piety under Kikubaaqudgha
  7917 | Ossuary  | Received a gift from Kikubaaqudgha
  7918 | Ossuary  | Reached skill level 5 in Dodging
  8201 | Ossuary  | Reached skill level 5 in Fighting
  8387 | D:7      | Gained mutation: You sometimes gain power by taking damage.
                  | [demonic ancestry]
  8387 | D:7      | Reached XP level 9. HP: 41/68 MP: 2/17
  8541 | D:7      | Reached skill level 8 in Necromancy
  8566 | D:7      | Reached ** piety under Kikubaaqudgha
  8577 | D:7      | Killed from afar by an orc wizard

Illustrated notes

Levels and vault maps discovered:
D:1:      dpeg_arrival_orchard, layout_rooms
D:2:      layout_loops_ring
D:3:      layout_loops_corners, dreamdust_ecumenical_altar_hidden_monk_grotto,
          serial_shops, nicolae_shop_back_alley_shop
D:4:      layout_rooms, gammafunk_temple_overflow_claw,
          minmay_temple_entry_fiery, uniq_ijyb, uniq_natasha, uniq_grinder
D:5:      layout_basic
D:6:      layout_gridville, serial_shops, shop, shop, minmay_crystal_water,
          uniq_blork_the_orc
D:7:      cheibrodos_fzero, layout_loops_cross,
          mainiacjoe_overflow_surrounded_room, mainiacjoe_overflow_alcove_4,
          enter_ossuary_5, uniq_joseph, uniq_menkaure, uniq_maggie
Temple:   minmay_crystal_spiral_temple

Skill      XL: |  1  2  3  4  5  6  7  8  9 |
---------------+----------------------------+-----
Dodging        | 2 3 4 5 |  5.9
Stealth        | 2 |  2.0
Fighting       | 1 2 3 4 5 |  5.9
Necromancy     | 5 6 7 8 |  8.1
Spellcasting   | 3 4 5 |  5.9

Action                     |  1- 3 |  4- 6 |  7- 9 || total
---------------------------+-------+-------+-------++-------
  Melee: Hand axe          |    12 |     7 |       ||    19
         Club              |       |     3 |    17 ||    20
         Trident           |       |       |   144 ||   144
   Cast: Necrotise         |    79 |    73 |    37 ||   189
         Vampiric Draining |       |     9 |    27 ||    36
   Stab: Sleeping          |       |       |     4 ||     4
 Armour: Robe              |    21 |    17 |   127 ||   165
  Dodge: Dodged            |    21 |    16 |   131 ||   168
  Block: Buckler           |     3 |     2 |    40 ||    45
